 Dungeon Crawl Stone Soup version 0.30.1-3-gfc49f6343a (webtiles) character file.

Game seed: 17514420658268842656

7 shmup the Firebug (level 2, 0/15 HPs)
             Began as a Tengu Fire Elementalist on July 27, 2023.
             Slain by a jackal (2 damage)
             ... on level 1 of the Dungeon.
             The game lasted 00:00:32 (159 turns).

shmup the Firebug (Tengu Fire Elementalist)          Turns: 159, Time: 00:00:33

Health: 0/15       AC:  2    Str:  8    XL:     2   Next: 4%
Magic:  1/6        EV: 12    Int: 15    God:
Gold:   9          SH:  0    Dex: 14    Spells: 4/5 levels left

rFire   . . .        c - +0 club
rCold   . . .        (no shield)
rNeg    . . .        a - +0 robe
rPois   .            (helmet restricted)
rElec   .            (no cloak)
rCorr   .            (no gloves)
SInv    .            (boots unavailable)
Will    .....        (no amulet)
Stlth   ++           (no ring)
HPRegen 0.22/turn    (no ring)
MPRegen 0.10/turn

%: no passive effects
@: no status effects
A: beak, talons 3
a: no special abilities


You were on level 1 of the Dungeon.
You visited 1 branch of the dungeon, and saw 1 of its levels.

You collected 9 gold pieces.

Inventory:

Hand Weapons
 c - a +0 club (weapon)
Armour
 a - a +0 robe (worn)
Magical Staves
 d - a staff of earth
Potions
 b - a potion of magic


   Skills:
 - Level 2.1 Dodging
 - Level 2.0 Stealth
 - Level 2.0 Spellcasting
 + Level 1.9 Conjurations
 * Level 3.7 Fire Magic


You had 4 spell levels left.
You knew the following spells:

 Your Spells              Type           Power      Damage    Failure   Level
a - Foxfire               Conj/Fire      40%        2x1d6     7%          1

Your spell library contained the following spells:

 Spells                   Type           Power      Damage    Failure   Level
 Scorch                   Fire           24%        2d6       8%          2
 Inner Flame              Hex/Fire       7%         N/A       30%         3
 Volatile Blastmotes      Fire/Tloc      14%        2d11      30%         3
 Flame Wave               Conj/Fire      10%        2d6       56%         4


Dungeon Overview and Level Annotations

Branches:
Dungeon (1/15)

Altars:


Innate Abilities, Weirdness & Mutations

You have a beak for a mouth.
You have claws for feet.


Message History

The jackal barely misses you. x2
The foxfire hits the jackal.
The jackal is heavily wounded.
The foxfire hits the jackal but does no damage.
The jackal is heavily wounded.
The jackal closely misses you. The jackal misses you.
The jackal barely misses you.
The jackal bites you but does no damage.
The jackal bites you. x2
* * * LOW HITPOINT WARNING * * *
The jackal attacks as you move away!
The jackal bites you but does no damage.
The jackal attacks as you move away! The jackal closely misses you.
The jackal attacks as you move away! The jackal bites you.
* * * LOW HITPOINT WARNING * * *
Found 11 gold pieces.
The jackal closely misses you. The jackal barely misses you.
The jackal attacks as you move away! The jackal barely misses you.
A hobgoblin comes into view.
Casting: Foxfire (safe; 7% risk of failure)
Confirm with . or Enter, or press ? or * to list all spells.
You conjure some foxfire!
The jackal bites you.
* * * LOW HITPOINT WARNING * * *
The jackal bites you.
* * * LOW HITPOINT WARNING * * *
The jackal bites you but does no damage.
The hobgoblin shouts!
The foxfire hits the jackal.
You kill the jackal!
The foxfire hits the jackal but does no damage.
The jackal is heavily wounded.
The jackal barely misses you. The jackal bites you.
* * * LOW HITPOINT WARNING * * *
The jackal barely misses you.
The jackal bites you but does no damage.
You have reached level 2!
The jackal closely misses you. The kobold barely misses you.
The jackal attacks as you move away! The jackal closely misses you.
The jackal bites you.
You die...

.. ▒..▒▒▒ ▒....▒▒ ...
......▒▒ .... ▒▒
▒......▒▒ ▒▒... ...
▒.▒▒....▒▒ .▒.▒
▒...▒▒.▒......▒▒ ...▒
...............▒▒▒...▒▒
▒...▒▒.▒...▒▒...Q.....▒$.
. ▒..........h........ .▒
▒.▒▒.▒▒▒.▒.Kh▒...▒.. 7..
▒.▒▒.▒ ▒.........g.. P~.
▒.▒▒........▒▒▒...▒.
~~~777.▒▒▒▒▒▒▒▒▒▒▒ ▒.▒
~~~~~77~▒ ▒ ~~~~~~~~7▒▒
~P~~~~~~~~▒


You could see 2 jackals, a hobgoblin and a kobold.

Vanquished Creatures
  A goblin (D:1)
  A jackal (D:1)
  A quokka (D:1)
  A ball python (D:1)
  3 bats (D:1)
  A rat (D:1)
8 creatures vanquished.

Vanquished Creatures (others)
  24 foxfires (D:1)
24 creatures vanquished.

Grand Total: 32 creatures vanquished

Notes
Turn   | Place    | Note
-------+----------+-------------------------------------------
     0 | D:1      | shmup the Tengu Fire Elementalist began the quest for the
                  | Orb.
     0 | D:1      | Reached XP level 1. HP: 10/10 MP: 4/4
   158 | D:1      | Reached XP level 2. HP: 1/15 MP: 0/6
   159 | D:1      | Slain by a jackal

Illustrated notes

Levels and vault maps discovered:
D:1:      scummos_arrival_hexagon, layout_loops_ring, serial_bayou_ford_a,
          hex_large, nrook_mini_backslash, minmay_misc_feat_x

Action                     || total
---------------------------++-------
  Melee: Club              ||     1
         Kick              ||     1
   Cast: Foxfire           ||    13
 Armour: Robe              ||     7
  Dodge: Dodged            ||    27
